 Dungeon Crawl Stone Soup version 0.28.0-1-gb440e238dd (webtiles) character file.

Game seed: 15119820798331872520

494 mortz the Conjurer (level 7, -2/46 HPs)
             Began as a Human Conjurer on Feb 21, 2022.
             Slain by a water moccasin (6 damage)
             ... on level 4 of the Dungeon.
             The game lasted 00:21:41 (4019 turns).

mortz the Conjurer (Human Conjurer)                 Turns: 4019, Time: 00:21:42

Health: -2/46      AC:  7    Str:  7    XL:     7   Next: 38%
Magic:  2/13       EV: 12    Int: 23    God:
Gold:   143        SH:  0    Dex: 12    Spells: 4/14 levels left

rFire   . . .      SeeInvis .   f - +2 short sword (drain)
rCold   . . .      Faith    .   (no shield)
rNeg    . . .      Spirit   .   x - +1 robe of Punimufo {Int+3}
rPois   +          Reflect  .   i - +0 helmet
rElec   .          Harm     .   g - +2 cloak {rPois}
rCorr   .          Rampage  .   (no gloves)
Will    .....                   (no boots)
Stlth   ++........              (no amulet)
HPRegen 0.15/turn               (no ring)
MPRegen 0.13/turn               (no ring)

@: lethally poisoned (-2 -> -8)
A: no striking features
a: no special abilities


You were on level 4 of the Dungeon.
You visited 1 branch of the dungeon, and saw 4 of its levels.

You collected 143 gold pieces.

Inventory:

Hand Weapons
 f - a +2 short sword of draining (weapon)
 j - a +4 dagger
 k - a +0 vorpal scythe
 s - a +0 spear
Missiles
 t - 2 throwing nets
Armour
 g - a +2 cloak of poison resistance (worn)
 i - a +0 helmet (worn)
 o - a +0 scale mail
 x - the +1 robe of Punimufo (worn) {Int+3}
   (You found it on level 3 of the Dungeon)

   Int:       It affects your intelligence (+3).
Jewellery
 u - a ring of ice
 w - an amulet of faith
Wands
 n - a wand of polymorph (10)
Scrolls
 c - 4 scrolls of identify {unknown}
 d - a scroll of brand weapon {unknown}
 e - 3 scrolls of teleportation {unknown}
 h - a scroll of fog {unknown}
 l - a scroll of blinking {unknown}
 p - a scroll of magic mapping {unknown}
 q - a scroll of enchant weapon {unknown}
 r - a scroll of immolation {unknown}
Potions
 a - 2 potions of attraction {unknown}
 m - a potion of invisibility {unknown}
 v - a potion of might {unknown}


   Skills:
 + Level 0.2 Fighting
 + Level 0.5 Short Blades
 + Level 2.8 Dodging
 + Level 3.2 Stealth
 - Level 1.0 Unarmed Combat
 + Level 4.1 Spellcasting
 + Level 6.2 Conjurations


You had 4 spell levels left.
You knew the following spells:

 Your Spells              Type           Power      Damage    Failure   Level
a - Magic Dart            Conj           100%       1d8       1%          1
b - Searing Ray           Conj           66%        2d6       1%          2
c - Dazzling Flash        Conj/Hex       38%        N/A       9%          3
d - Fulminant Prism       Conj/Hex       9%         3d7       28%         4

Your spell library contained the following spells:

 Spells                   Type           Power      Damage    Failure   Level
 Corpse Rot               Necr/Air       8%         N/A       16%         2
 Poisonous Vapours        Pois/Air       8%         N/A       16%         2
 Iskenderun's Mystic Bla  Conj/Tloc      19%        2d6       28%         4
 Iskenderun's Battlesphe  Conj           33%        2d9       22%         5
 Iron Shot                Conj/Erth      9%         9d3       99%         6
 Spellforged Servitor     Conj/Summ      9%         N/A       100%        7


Dungeon Overview and Level Annotations

Branches:
Dungeon (4/15)
 Temple: D:4-7

Altars:
Nemelex Xobeh


Message History

The water moccasin is moderately wounded.
You finish channelling your searing ray.
The water moccasin closely misses you.
The water moccasin bites you but does no damage.
The water moccasin bites you.
Casting: Searing Ray (safe; 1% risk of failure)
Confirm with . or Enter, or press ? or * to list all spells.
Aiming: Searing Ray (safe; 1% risk of failure)
Press: ? - help, Shift-Dir - straight line, f/p - water moccasin
Aim: a water moccasin (moderately wounded, 68% to hit)
The searing ray hits the water moccasin.
The water moccasin is moderately wounded. (Press . to maintain the ray.)
The water moccasin bites you!
The searing ray hits the water moccasin.
The water moccasin is heavily wounded.
The water moccasin bites you!
You are poisoned.
The water moccasin poisons you! The water moccasin closely misses you.
The searing ray hits the water moccasin.
The water moccasin is heavily wounded.
You feel very sick. The water moccasin misses you.
The searing ray misses the water moccasin.
You finish channelling your searing ray.
You feel very sick. The water moccasin bites you.
* * * LOW HITPOINT WARNING * * *
Casting: Searing Ray (safe; 1% risk of failure)
Confirm with . or Enter, or press ? or * to list all spells.
Aiming: Searing Ray (safe; 1% risk of failure)
Press: ? - help, Shift-Dir - straight line, f/p - water moccasin
Aim: a water moccasin (heavily wounded, 68% to hit)
The searing ray hits the water moccasin!
The water moccasin is severely wounded. (Press . to maintain the ray.)
You feel sick. The water moccasin bites you.
* * * LOW HITPOINT WARNING * * *
The water moccasin bites you.
You die...

........ ...#
........ #..#
.###### #..# .#
#########..#
.######..........##
.........######...##
.######..# #.......#
.# #..# #.##.S..# .#
#..# # #.@..# .#
#..# #....# .# #(.#
# #....# .. #..#
#.##....# ##
#..###.......#
#....####...##
#..[........#
####.####.#.# #.#
#.#.#


You could see a water moccasin.

Vanquished Creatures
  Sigmund (D:2)
  A bullfrog (D:3)
  A wyvern zombie (D:4)
  A jelly (D:4)
  Terence (D:2)
  Robin (D:2)
  3 gnolls (D:3)
  3 adders
  A worm (D:3)
  3 dart slugs (D:2)
  6 ball pythons
  9 endoplasms
  2 giant cockroaches (D:3)
  12 goblins
  7 hobgoblins
  3 jackals (D:2)
  8 kobolds
  4 quokkas
  13 bats
  4 frilled lizards (D:1)
  2 rats (D:2)
86 creatures vanquished.

Notes
Turn   | Place    | Note
-------+----------+-------------------------------------------
     0 | D:1      | mortz the Human Conjurer began the quest for the Orb.
     0 | D:1      | Reached XP level 1. HP: 13/13 MP: 3/3
   243 | D:1      | Reached XP level 2. HP: 19/19 MP: 1/5
   246 | D:1      | Learned a level 2 spell: Searing Ray
   249 | D:1      | Found a faded altar of an unknown god.
   583 | D:1      | Reached XP level 3. HP: 24/24 MP: 3/6
   897 | D:2      | Noticed Robin
  1013 | D:2      | Killed Robin
  1097 | D:1      | Reached XP level 4. HP: 27/30 MP: 3/7
  1275 | D:2      | Noticed Sigmund
  1281 | D:2      | Killed Sigmund
  1282 | D:2      | Reached skill level 5 in Conjurations
  1282 | D:2      | Reached XP level 5. HP: 35/35 MP: 0/9
  1282 | D:2      | Reached XP level 6. HP: 41/41 MP: 0/10
  1465 | D:2      | Noticed Terence
  1481 | D:2      | Killed Terence
  1606 | D:2      | Learned a level 3 spell: Dazzling Flash
  1611 | D:2      | Learned a level 4 spell: Fulminant Prism
  2324 | D:3      | Reached skill level 6 in Conjurations
  2634 | D:3      | Reached XP level 7. HP: 23/46 MP: 3/12
  2907 | D:3      | Found a sparkling altar of Nemelex Xobeh.
  3295 | D:3      | Identified the +1 robe of Punimufo {Int+3}
  3649 | D:4      | Reached skill level 1 in Unarmed Combat
  4005 | D:4      | Noticed a water moccasin
  4019 | D:4      | Slain by a water moccasin

Illustrated notes

Levels and vault maps discovered:
D:1:      lightli_arrival_chessboard, layout_basic,
          hellmonk_ecumenical_altar_prayer_group
D:2:      layout_loops_cross, uniq_robin, uniq_terence, uniq_sigmund
D:3:      layout_basic, mainiacjoe_overflow_small_starburst
D:4:      layout_loops_ring, minmay_temple_entry_statues_fountains,
          st_stairs_14, minivault_11, corexii_checkpoint_a, minmay_starry_boxes

Skill      XL: |  1  2  3  4  5  6  7 |
---------------+----------------------+-----
Spellcasting   | 3 4 |  4.1
Conjurations   | 5 6 |  6.2
Stealth        | 3 |  3.2
Unarmed Combat | 1 |  1.0
Fighting       | |  0.2
Short Blades   | |  0.5
Dodging        | |  2.8

Action                   |  1- 3 |  4- 6 |  7- 9 || total
-------------------------+-------+-------+-------++-------
Melee: Short sword       |     9 |     2 |       ||    11
       Unarmed           |       |    11 |       ||    11
 Cast: Magic Dart        |    26 |    44 |    11 ||    81
       Searing Ray       |     7 |    17 |    11 ||    35
Armor: Robe              |     6 |     2 |     2 ||    10
Dodge: Dodged            |    13 |     8 |    13 ||    34
